 Dungeon Crawl Stone Soup version 0.30-a0-6-g7c9e10e132 (webtiles) character file.

Game seed: 3623791995829838729

2 drpainis the Insei (level 1, -2/11 (15) HPs)
             Began as a Merfolk Transmuter on Aug 22, 2022.
             Slain by a kobold
             ... wielding a +2 short sword of draining
              (4 damage)
             ... on level 1 of the Dungeon.
             The game lasted 00:00:10 (107 turns).

drpainis the Insei (Merfolk Transmuter)              Turns: 107, Time: 00:00:10

HP:   -2/11 (15)    AC:  2    Str: 10    XL:     1   Next: 40%
MP:   3/3           EV: 12    Int: 12    God:
Gold: 14            SH:  0    Dex: 14    Spells: 3/4 levels left

rFire   . . .      SeeInvis .      - Unarmed
rCold   . . .      Faith    .    (no shield)
rNeg    . . .      Spirit   .    a - +0 robe
rPois   .          Reflect  .    (helmet currently unavailable)
rElec   .          Harm     .    (no cloak)
rCorr   .          Rampage  .    (no gloves)
Will    .....                    (boots currently unavailable)
Stlth   +.........               (no amulet)
HPRegen 0.03/turn                (no ring)
MPRegen 0.08/turn                (no ring)

@: appendages (expiring), very heavily drained
A: horns 2, (nimble swimmer 2), mertail
a: End Transformation


You were on level 1 of the Dungeon.
You had temporarily grown beastly horns.
You visited 1 branch of the dungeon, and saw 1 of its levels.

You collected 14 gold pieces.

Inventory:

Armour
 a - a +0 robe (worn)
Scrolls
 c - a scroll of identify {unknown}
 d - a scroll of brand weapon {unknown}
Potions
 b - a potion of lignification


   Skills:
 + Level 1.1 Fighting
 + Level 2.6 Dodging
 + Level 3.3 Unarmed Combat
 + Level 2.0 Spellcasting
 + Level 2.9 Transmutations


You had 3 spell levels left.
You knew the following spells:

 Your Spells              Type           Power      Damage    Failure   Level
a - Beastly Appendage     Tmut           16%        N/A       9%          1

Your spell library contained the following spells:

 Spells                   Type           Power      Damage    Failure   Level
 Wereblood                Tmut           8%         N/A       12%         2
 Slow                     Hex            4%         N/A       26%         1
 Spider Form              Tmut/Pois      4%         N/A       41%         3
 Confusing Touch          Hex            1%         N/A       63%         3
 Vampiric Draining        Necr           1%         2d6       63%         3
 Ice Form                 Ice/Tmut       4%         N/A       83%         4


Dungeon Overview and Level Annotations

Branches:
Dungeon (1/15)

Altars:


Innate Abilities, Weirdness & Mutations

You have temporarily grown beastly horns.
((You are very nimble when in or above water. (Stealth+, EV+, Speed+++)))
Your lower body shifts to a powerful aquatic tail in water.


Message History

You hit the goblin. You headbutt the goblin.
You kill the goblin!
A ball python comes into view.
Found 39 gold pieces and a club.
The ball python hisses angrily.
A kobold comes into view.
It is wielding a +2 short sword of draining.
Things that are here:
a +0 dagger; 10 gold pieces The kobold shouts!
A ball python is nearby!
The ball python barely misses you. The ball python grabs you.
The ball python constricts you.
The ball python bites you but does no damage.
The ball python constricts you.
You closely miss the ball python. The ball python bites you.
The ball python constricts you.
You barely miss the ball python. Your headbutt misses the ball python.
The ball python bites you but does no damage.
The ball python constricts you.
You hit the ball python.
The ball python is moderately wounded.
The ball python bites you. The ball python constricts you.
The kobold hits you but does no damage.
You feel drained.
You closely miss the ball python. Your headbutt misses the ball python.
The ball python is moderately wounded.
Your transformation is almost over.
The ball python closely misses you. The ball python constricts you.
The kobold hits you but does no damage.
You feel drained.
You hit the ball python.
You kill the ball python!
The kobold barely misses you. The kobold hits you but does no damage.
You feel drained. The kobold closely misses you.
You closely miss the kobold.
The kobold hits you with a +2 short sword of draining.
* * * LOW HITPOINT WARNING * * *
You feel drained.
You hit the kobold but do no damage.
The kobold hits you with a +2 short sword of draining.
You die...

#....# #....#
######....#
.>.8......# .
.#####....########..
..######)......^..
..$...............
.#........)......
##...@K.......##
#.....####......
#...... ......
#....... .....
#.).$.... ..$..
#......... ####
#.....####. ..#####
..


You could see a kobold.

Vanquished Creatures
  A ball python (D:1)
  2 goblins (D:1)
3 creatures vanquished.

Notes
Turn   | Place    | Note
-------+----------+-------------------------------------------
     0 | D:1      | drpainis the Merfolk Transmuter began the quest for the
                  | Orb.
     0 | D:1      | Reached XP level 1. HP: 15/15 MP: 3/3
   107 | D:1      | Slain by a kobold

Illustrated notes

Levels and vault maps discovered:
D:1:      saegor_arrival_simple_d, layout_basic, serial_shops, shop_statue

Action                   || total
-------------------------++-------
Melee: Unarmed           ||    11
       Headbutt          ||     1
 Cast: Beastly Appendage ||     2
Armor: Robe              ||     6
Dodge: Dodged            ||     6

Table legend: (Time is in decaauts)
 A = Elapsed time spent in this place.
 B = Non-inter-level travel time spent in this place.
 C = Inter-level travel time spent in this place.
 D = Time resting spent in this place.
 E = Time spent auto-exploring this place.
 F = Levels seen in this place.
 G = Mean time per level.
                   A        B        C        D        E       F      G
               +--------+--------+--------+--------+--------+-----+--------+
         Total |    105 |    105 |      0 |      0 |     70 |   1 |  105.0 |
       Dungeon |    105 |    105 |      0 |      0 |     70 |   1 |  105.0 |
               +--------+--------+--------+--------+--------+-----+--------+

Top non-repeatable levels by time:
     D:1: 105 daAuts
